 Dungeon Crawl Stone Soup version 0.29-a0-1023-g6ae1a4a2c7 (webtiles) character file.

Game seed: 7392805538695537295

67 nickcage the Conjurer (level 4, -1/33 HPs)
             Began as a Draconian Conjurer on Aug 11, 2022.
             Slain by an orc wizard
             ... wielding a +1 dagger of speed
              (2 damage)
             ... on level 2 of the Dungeon.
             The game lasted 00:04:40 (1491 turns).

nickcage the Conjurer (Draconian Conjurer)          Turns: 1491, Time: 00:04:50

Health: -1/33      AC:  5    Str:  9    XL:     4   Next: 0%
Magic:  2/7        EV: 12    Int: 24    God:
Gold:   96         SH:  0    Dex: 14    Spells: 4/7 levels left

rFire   x . .      SeeInvis .   h - +6 dagger of Osuqaf {freeze, rF- rC+ Int+4 Dex+4}
rCold   + . .      Faith    .   (no shield)
rNeg    . . .      Spirit   .   (body armour unavailable)
rPois   .          Reflect  .   (helmet restricted)
rElec   .          Harm     .   (no cloak)
rCorr   .          Rampage  .   (no gloves)
Will    .....                   (no boots)
Stlth   ++........              (no amulet)
HPRegen 0.11/turn               (no ring)
MPRegen 0.10/turn               (no ring)

@: unable to drink
A: AC +5, unfitting armour, cold-blooded, inability to drink while threatened 2
a: no special abilities


You were on level 2 of the Dungeon.
You visited 1 branch of the dungeon, and saw 2 of its levels.

You collected 96 gold pieces.

Inventory:

Hand Weapons
 b - a +0 spear
 h - the +6 dagger of Osuqaf (weapon) {freeze, rF- rC+ Int+4 Dex+4}
   (You found it on level 2 of the Dungeon)

   It freezes those it strikes, dealing additional cold damage.
   It can also slow down cold-blooded creatures.
   Int:       It affects your intelligence (+4).
   Dex:       It affects your dexterity (+4).
   rF:        It makes you vulnerable to fire.
   rC:        It protects you from cold.
Missiles
 l - 5 datura-tipped darts
Wands
 k - a wand of iceblast (6)
Scrolls
 d - a scroll of silence {unknown}
 e - 2 scrolls of teleportation {unknown}
 g - 2 scrolls of identify {unknown}
Potions
 a - a potion of magic
 c - a potion of curing {unknown}
 f - a potion of mutation
 i - a potion of brilliance {unknown}
 j - 2 potions of degeneration {unknown}


   Skills:
 - Level 1.7 Dodging
 - Level 1.7 Stealth
 + Level 2.4 Spellcasting
 + Level 5.3 Conjurations


You had 4 spell levels left.
You knew the following spells:

 Your Spells              Type           Power      Damage    Failure   Level
a - Magic Dart            Conj           100%       1d8       1%          1
b - Searing Ray           Conj           56%        2d6       1%          2

Your spell library contained the following spells:

 Spells                   Type           Power      Damage    Failure   Level
 Dazzling Flash           Conj/Hex       30%        N/A       12%         3
 Ensorcelled Hibernation  Hex/Ice        4%         N/A       17%         2
 Passwall                 Tmut/Erth      1%         N/A       17%         2
 Swiftness                Air            2%         N/A       34%         3
 Fulminant Prism          Conj/Hex       7%         3d7       36%         4
 Iskenderun's Mystic Bla  Conj/Tloc      15%        2d5       36%         4


Dungeon Overview and Level Annotations

Branches:
Dungeon (2/15)

Altars:


Innate Abilities, Weirdness & Mutations

Your plain brown scales are hard. (AC +5)
You cannot fit into any form of body armour.
You are cold-blooded and may be slowed by cold attacks.
You sometimes lose the ability to drink potions when taking damage.


Message History

The orc hits you with a +0 hand axe. Something hits you but does no damage.
The jackal barely misses you. The jackal bites you.
You hear some strange, mumbled words.
You are confused.
The jackal closely misses you. The orc completely misses you.
You closely miss the jackal. The jackal barely misses you.
The jackal bites you but does no damage.
You completely miss something. The jackal barely misses you.
Something hits you. The orc closely misses you.
You hit the orc wizard. You freeze the orc wizard.
The orc wizard is moderately wounded.
The jackal bites you but does no damage.
Something hits you.
The orc wizard hits you with a +0 dagger.
The orc hits you but does no damage. Something hits you.
The jackal barely misses you.
You barely miss something.
Your tail-slap misses something.
You feel less confused.
The orc wizard hits you but does no damage.
Something hits you but does no damage. The orc completely misses you.
The jackal barely misses you.
You puncture the orc wizard! You freeze the orc wizard.
You kill the orc wizard!
You hear some strange, mumbled words.
A puff of flame appears from out of thin air!
The puff of flame hits you! The fire burns you terribly!
* * * LOW HITPOINT WARNING * * *
The jackal bites you but does no damage.
The orc barely misses you.
You have reached level 4!
You feel agile.
It was a potion of mutation.
You feel extremely strange.
You occasionally lose the ability to drink potions when threatened.
You lose the ability to drink potions when threatened more often.
The jackal bites you.
* * * LOW HITPOINT WARNING * * *
Something hits you.
You feel threatened and lose the ability to drink potions!
You die...

#. #. #. #.# †. #.
###†####### #.......o@#######
#.......)h{.....#
#.........#####.# #.........#
#.# #.........#####+######
#.........#..........#
######.........#..........#
...............+....>..)..#
#######..........#..........#


You could see an orc and a jackal.

Vanquished Creatures
  An orc wizard (D:2)
  A dart slug (D:1)
  An orc (D:2)
  5 ball pythons
  5 bats
  An endoplasm (D:1)
  4 giant cockroaches
  A goblin (D:1)
  7 hobgoblins
  3 jackals (D:2)
  2 quokkas
  A frilled lizard (D:2)
  A kobold (D:1)
33 creatures vanquished.

Notes
Turn   | Place    | Note
-------+----------+-------------------------------------------
     0 | D:1      | nickcage the Draconian Conjurer began the quest for the
                  | Orb.
     0 | D:1      | Reached XP level 1. HP: 14/14 MP: 3/3
   474 | D:1      | Reached XP level 2. HP: 20/20 MP: 3/5
   477 | D:1      | Learned a level 2 spell: Searing Ray
  1090 | D:2      | Reached XP level 3. HP: 26/26 MP: 0/6
  1256 | D:2      | Reached skill level 5 in Conjurations
  1361 | D:2      | Identified the +6 dagger of Osuqaf {freeze, rF- rC+ Int+4
                  | Dex+4}
  1491 | D:2      | Reached XP level 4. HP: 2/33 MP: 2/7
  1491 | D:2      | Gained mutation: You occasionally lose the ability to drink
                  | potions when taking damage. [potion of mutation]
  1491 | D:2      | Gained mutation: You sometimes lose the ability to drink
                  | potions when taking damage. [potion of mutation]
  1491 | D:2      | HP: 1/33 [jackal (1)]
  1491 | D:2      | Slain by an orc wizard

Illustrated notes

Levels and vault maps discovered:
D:1:      dpeg_arrival_lava_temple_mockup, layout_rooms
D:2:      layout_basic, basic_altar

Skill      XL: |  1  2  3 |
---------------+----------+-----
Conjurations   | 5 |  5.3
Dodging        | |  1.7
Stealth        | |  1.7
Spellcasting   | |  2.4

Action                   |  1- 3 |  4- 6 || total
-------------------------+-------+-------++-------
Melee: Spear             |    37 |       ||    37
       Tailslap          |     3 |       ||     3
       Dagger            |     6 |       ||     6
 Cast: Magic Dart        |    68 |       ||    68
  Use: Potion            |       |     1 ||     1
Armor: Skin              |    19 |       ||    19
Dodge: Dodged            |    45 |       ||    45

Table legend: (Time is in decaauts)
 A = Elapsed time spent in this place.
 B = Non-inter-level travel time spent in this place.
 C = Inter-level travel time spent in this place.
 D = Time resting spent in this place.
 E = Time spent auto-exploring this place.
 F = Levels seen in this place.
 G = Mean time per level.
                   A        B        C        D        E       F      G
               +--------+--------+--------+--------+--------+-----+--------+
         Total |   1493 |   1450 |     43 |    271 |    940 |   2 |  746.5 |
       Dungeon |   1493 |   1450 |     43 |    271 |    940 |   2 |  746.5 |
               +--------+--------+--------+--------+--------+-----+--------+

Top non-repeatable levels by time:
     D:1: 1112 daAuts
     D:2: 381 daAuts
